Winnipeg Jets vs Boston Bruins
Created - Sunday, May 4, 2025 at 08:12
Goals
|
| Winnipeg Jets |
0 |
0 |
1 |
1 |
| Boston Bruins |
1 |
2 |
2 |
5 |
|
Shots
|
| Winnipeg Jets |
8 |
5 |
11 |
24 |
| Boston Bruins |
16 |
10 |
22 |
48 |
|
1st period
1. Boston Bruins , Andrew Copp 17 (Angus Crookshank 6, Eetu Luostarinen 15) at 18:34
Penalties :
No Penalty
2nd period
2. Boston Bruins , Vincent Trocheck 22 (Torey Krug 20) at 4:14
3. Boston Bruins , Andrew Copp 18 (Joel Farabee 35, Torey Krug 21) at 10:50
Penalties :
Joel Armia (WPG) for Tripping (Minor) at 4:21, Oliver Ekman-Larsson (WPG) for Hooking (Minor) at 11:37
3rd period
4. Winnipeg Jets , Alexis Lafreniere 29 (Adam Lowry 10) at 9:13 (PP)
5. Boston Bruins , Joel Farabee 30 (Evander Kane 17, Andrew Copp 26) at 11:31 (PP)
6. Boston Bruins , Alex Newhook 22 (Ryan Strome 19, Vincent Trocheck 47) at 17:05
Penalties :
Jason Zucker (WPG) for Interference (Minor) at 2:04, John Ludvig (BOS) for Tripping (Minor) at 9:10, Barclay Goodrow (WPG) for High sticking (Minor) at 11:13, John Ludvig (BOS) for Cross-checking (Minor) at 19:57
Goalie Stats
Ukko-Pekka Luukkonen (WPG), 43 saves from 48 shots - (0.896), L, 19-15-3, 60:00 minutes
Petr Mrazek (BOS), 23 saves from 24 shots - (0.958), W, 29-14-4, 60:00 minutes
Players Stats for Winnipeg Jets
Player Name G A P +/- PIM S H SB GA TA FO MP PP MP PK MP
------------------------------------------------------------------------------------
Adam Lowry 0 1 1 -3 0 2 1 0 0 0 7/12 17:24 0:03 3:10
Alexis Lafreniere 1 0 1 0 0 2 0 0 1 0 2/5 18:49 0:03 2:59
Andre Burakovsky 0 0 0 -1 0 3 0 0 2 0 0/0 8:49 0:00 0:00
Barclay Goodrow 0 0 0 -3 2 1 2 1 1 0 0/0 13:49 0:00 0:00
Brayden Pachal 0 0 0 -1 0 0 1 1 0 0 0/0 18:27 0:00 0:01
Connor Bedard 0 0 0 0 0 2 1 0 0 0 3/11 18:21 0:02 3:05
Connor McDavid 0 0 0 0 0 3 2 1 0 0 9/20 15:47 0:00 0:07
Haydn Fleury 0 0 0 -3 0 0 1 2 1 2 0/0 17:00 0:02 0:48
Jason Zucker 0 0 0 -3 2 3 1 0 1 0 1/1 14:36 0:00 0:33
Joel Armia 0 0 0 0 2 1 1 0 0 0 1/2 15:19 0:02 0:00
Mason Appleton 0 0 0 0 0 2 2 1 0 0 0/0 15:02 0:02 0:00
Michael Kesselring 0 0 0 -3 0 0 1 2 0 0 0/0 19:00 0:00 2:50
Nate Schmidt 0 0 0 0 0 1 3 0 0 1 0/0 22:28 0:03 3:25
Oliver Ekman-Larsson 0 0 0 0 2 1 3 0 0 3 0/0 22:39 0:03 2:22
Olli Maatta 0 0 0 -1 0 0 0 1 1 0 0/0 20:37 0:02 3:04
Ridly Greig 0 0 0 -1 0 0 0 1 0 0 0/3 8:49 0:00 0:00
Taylor Hall 0 0 0 -1 0 1 1 1 0 0 1/1 8:49 0:00 0:00
Vladislav Namestnikov 0 0 0 0 0 2 2 0 0 0 0/1 17:56 0:03 2:36
Players Stats for Boston Bruins
Player Name G A P +/- PIM S H SB GA TA FO MP PP MP PK MP
------------------------------------------------------------------------------------
Alex Newhook 1 0 1 2 0 4 0 0 1 1 0/0 18:57 2:52 0:00
Anders Lee 0 0 0 0 0 2 2 0 0 0 0/0 13:08 0:14 0:00
Andrew Copp 2 1 3 2 0 3 0 1 0 0 14/20 18:48 3:09 0:03
Angus Crookshank 0 1 1 0 0 1 3 0 0 0 0/0 9:05 0:00 0:00
Connor Clifton 0 0 0 1 0 4 6 0 0 0 0/0 20:02 2:59 0:02
Eetu Luostarinen 0 1 1 0 0 5 1 0 3 1 1/1 9:05 0:00 0:00
Evander Kane 0 1 1 2 0 3 3 0 2 0 0/0 18:45 3:09 0:00
Joel Farabee 1 1 2 2 0 5 6 0 0 0 0/0 18:47 3:09 0:02
John Ludvig 0 0 0 1 4 3 2 1 0 0 0/0 14:17 0:00 0:00
John-Jason Peterka 0 0 0 0 0 0 0 0 0 0 0/0 9:05 0:00 0:00
Matthew Beniers 0 0 0 0 0 4 2 0 0 0 5/9 13:11 0:16 0:00
Morgan Geekie 0 0 0 0 0 3 1 1 0 1 0/1 12:43 0:00 0:00
Ryan Lindgren 0 0 0 2 0 1 2 0 0 2 0/0 25:39 3:16 0:03
Ryan Strome 0 1 1 2 0 2 3 0 0 0 1/2 18:59 2:52 0:02
Torey Krug 0 2 2 2 0 2 1 3 0 1 0/0 25:39 3:16 0:03
Ty Emberson 0 0 0 1 0 0 1 2 0 0 0/0 20:02 2:59 0:02
Vincent Trocheck 1 1 2 2 0 4 4 0 0 1 11/23 19:22 3:04 0:03
Yegor Zamula 0 0 0 1 0 2 2 0 0 0 0/0 14:19 0:00 0:00
3 Stars
1 - Andrew Copp (BOS)
2 - Joel Farabee (BOS)
3 - Vincent Trocheck (BOS)
Power Play
Winnipeg Jets - 1 on 2 Attempt(s) - 50.00%
Boston Bruins - 1 on 4 Attempt(s) - 25.00%
Penalty Kill
Winnipeg Jets - 3 on 4 Attempt(s) - 75.00%
- Score 0 goal in Penalty Kill
Boston Bruins - 1 on 2 Attempt(s) - 50.00%
- Score 0 goal in Penalty Kill
Team Stat
Winnipeg Jets - Hits : 22 - Faceoff Wins : 24 - Blocked Shots : 11 - Penalty Minutes : 8
Boston Bruins - Hits : 39 - Faceoff Wins : 32 - Blocked Shots : 8 - Penalty Minutes : 4
Official
Referees : Kelly Sutherland and Chris Lee
Linesman : Tommy Hughes and Tyson Baker
Game Notes
No Game Note
Finance
Level 1 -- Attendance: 5035 (83.92%) -- Ticket Income $503,500
Level 2 -- Attendance: 3619 (72.38%) -- Ticket Income $217,140
Level 3 -- Attendance: 2368 (78.93%) -- Ticket Income $82,880
Level 4 -- Attendance: 3787 (75.74%) -- Ticket Income $94,675
Luxury Box -- Attendance: 789 (78.90%) -- Ticket Income $157,800
Game was played at the TD Garden.
Total Attendance: 15598 (77.99%)
Total Ticket Income: $1,055,995
Other Income: $369,598
Total Income: $1,425,593
Winnipeg Jets
5 vs 5 Forward
Center Left Wing Right Wing Time % Phy DF OF
1 Connor McDavid Alexis Lafreniere Vladislav Namestnikov 30 1 2 2
2 Connor Bedard Joel Armia Mason Appleton 30 1 2 2
3 Adam Lowry Barclay Goodrow Jason Zucker 25 1 2 2
4 Ridly Greig Taylor Hall Andre Burakovsky 15 1 2 2
5 vs 5 Defense
Defense Defense Time % Phy DF OF
1 Oliver Ekman-Larsson Nate Schmidt 35 1 2 2
2 Brayden Pachal Olli Maatta 35 1 2 2
3 Haydn Fleury Michael Kesselring 30 1 2 2
4 Oliver Ekman-Larsson Nate Schmidt 0 1 2 2
PowerPlay Forward
Center Left Wing Right Wing Time % Phy DF OF
1 Adam Lowry Alexis Lafreniere Vladislav Namestnikov 50 1 2 2
2 Connor Bedard Joel Armia Mason Appleton 50 1 2 2
PowerPlay Defense
Defense Defense Time % Phy DF OF
1 Oliver Ekman-Larsson Nate Schmidt 50 1 2 2
2 Haydn Fleury Olli Maatta 50 1 2 2
Penalty Kill 4 Players Forward
Center Wing Time % Phy DF OF
1 Vladislav Namestnikov Connor Bedard 50 1 2 2
2 Alexis Lafreniere Adam Lowry 50 1 2 2
Penalty Kill 4 Players Defense
Defense Defense Time % Phy DF OF
1 Oliver Ekman-Larsson Nate Schmidt 50 1 2 2
2 Michael Kesselring Olli Maatta 50 1 2 2
Penalty Kill - 3 Players Forward
Forward Time % Phy DF OF
1 Alexis Lafreniere 50 1 2 2
2 Connor Bedard 50 1 2 2
Penalty Kill - 3 Players Defense
Defense Defense Time % Phy DF OF
1 Oliver Ekman-Larsson Nate Schmidt 50 1 2 2
2 Michael Kesselring Olli Maatta 50 1 2 2
4 vs 4 Forward
Center Wing Time % Phy DF OF
1 Vladislav Namestnikov Connor Bedard 50 1 2 2
2 Alexis Lafreniere Adam Lowry 50 1 2 2
4 vs 4 Defense
Defense Defense Time % Phy DF OF
1 Oliver Ekman-Larsson Nate Schmidt 50 1 2 2
2 Haydn Fleury Olli Maatta 50 1 2 2
Last Minutes Offensive
Center Left Wing Right Wing Defense Defense
Connor McDavid Alexis Lafreniere Vladislav Namestnikov Oliver Ekman-Larsson Nate Schmidt
Last Minutes Defensive
Center Left Wing Right Wing Defense Defense
Connor McDavid Alexis Lafreniere Vladislav Namestnikov Oliver Ekman-Larsson Nate Schmidt
Goaltenders
Starting : Ukko-Pekka Luukkonen
Backup : Yaroslav Askarov
Extra Forwards
Normal : Connor Bedard, Barclay Goodrow, Jason Zucker - PP : Alexis Lafreniere, Barclay Goodrow - PK : Jason Zucker
Extra Defensemen
Normal : Haydn Fleury, Michael Kesselring, Nate Schmidt - PP : Haydn Fleury - PK : Michael Kesselring, Oliver Ekman-Larsson
Penalty Shots
Connor McDavid, Connor Bedard, Alexis Lafreniere, Adam Lowry, Vladislav Namestnikov
Scratches
Sam Steel (Healthy), Dylan Samberg (Healthy), Martin Jones (Healthy)
Boston Bruins
5 vs 5 Forward
Center Left Wing Right Wing Time % Phy DF OF
1 Vincent Trocheck Alex Newhook Ryan Strome 30 1 2 2
2 Andrew Copp Evander Kane Joel Farabee 30 1 2 2
3 Matthew Beniers Anders Lee Morgan Geekie 25 1 2 2
4 Eetu Luostarinen Angus Crookshank John-Jason Peterka 15 1 2 2
5 vs 5 Defense
Defense Defense Time % Phy DF OF
1 Torey Krug Ryan Lindgren 30 1 2 2
2 Connor Clifton Ty Emberson 30 1 2 2
3 Yegor Zamula John Ludvig 25 1 2 2
4 Torey Krug Ryan Lindgren 15 1 2 2
PowerPlay Forward
Center Left Wing Right Wing Time % Phy DF OF
1 Vincent Trocheck Alex Newhook Ryan Strome 50 1 2 2
2 Andrew Copp Evander Kane Joel Farabee 50 1 2 2
PowerPlay Defense
Defense Defense Time % Phy DF OF
1 Torey Krug Ryan Lindgren 50 1 2 2
2 Connor Clifton Ty Emberson 50 1 2 2
Penalty Kill 4 Players Forward
Center Wing Time % Phy DF OF
1 Vincent Trocheck Andrew Copp 50 1 2 2
2 Ryan Strome Joel Farabee 50 1 2 2
Penalty Kill 4 Players Defense
Defense Defense Time % Phy DF OF
1 Torey Krug Ryan Lindgren 50 1 2 2
2 Connor Clifton Ty Emberson 50 1 2 2
Penalty Kill - 3 Players Forward
Forward Time % Phy DF OF
1 Vincent Trocheck 50 1 2 2
2 Ryan Strome 50 1 2 2
Penalty Kill - 3 Players Defense
Defense Defense Time % Phy DF OF
1 Torey Krug Ryan Lindgren 50 1 2 2
2 Connor Clifton Ty Emberson 50 1 2 2
4 vs 4 Forward
Center Wing Time % Phy DF OF
1 Vincent Trocheck Anders Lee 50 1 2 2
2 Ryan Strome Joel Farabee 50 1 2 2
4 vs 4 Defense
Defense Defense Time % Phy DF OF
1 Torey Krug John Ludvig 50 1 2 2
2 Connor Clifton Ty Emberson 50 1 2 2
Last Minutes Offensive
Center Left Wing Right Wing Defense Defense
Vincent Trocheck Alex Newhook Ryan Strome Torey Krug Ryan Lindgren
Last Minutes Defensive
Center Left Wing Right Wing Defense Defense
Vincent Trocheck Alex Newhook Ryan Strome Torey Krug Ryan Lindgren
Goaltenders
Starting : Petr Mrazek
Backup : Pyotr Kochetkov
Extra Forwards
Normal : Matthew Beniers, Anders Lee, Morgan Geekie - PP : Matthew Beniers, Anders Lee - PK : Morgan Geekie
Extra Defensemen
Normal : Torey Krug, John Ludvig, Connor Clifton - PP : Torey Krug - PK : John Ludvig, Connor Clifton
Penalty Shots
Vincent Trocheck, Matthew Beniers, Ryan Strome, Joel Farabee, Andrew Copp
Scratches
Anthony Beauvillier (Healthy), Drew O'Connor (Healthy), Alex Vlasic (Healthy), Beck Malenstyn (Healthy), Viktor Arvidsson (Healthy)
% Time on Ice - Winnipeg Jets
Lines # - Real PCT - Wanted PCT - Time Play
Normal Forward
1 - 29% - 30% - 15:40
2 - 29% - 30% - 15:30
3 - 25% - 25% - 13:41
4 - 16% - 15% - 8:49
Normal Defense
1 - 34% - 35% - 18:26
2 - 35% - 35% - 18:32
3 - 30% - 30% - 15:58
4 - 1% - 0% - 0:44
PP Forward
1 - 60% - 50% - 0:03
2 - 40% - 50% - 0:02
PP Defense
1 - 60% - 50% - 0:03
2 - 40% - 50% - 0:02
PK Forward
1 - 49% - 50% - 3:05
2 - 51% - 50% - 3:10
PK Defense
1 - 55% - 50% - 3:26
2 - 45% - 50% - 2:49
PK3 Forward
1 - 0% - 50%
2 - 0% - 50%
PK3 Defense
1 - 0% - 50%
2 - 0% - 50%
44 Forward
1 - 0% - 50%
2 - 0% - 50%
44 Defense
1 - 0% - 50%
2 - 0% - 50%
Last Minute Offensive - 0:00
Last Minute Defensive - 0:00
Total
Forward - 60:00
Defense - 60:00
|
% Time on Ice - Boston Bruins
Lines # - Real PCT - Wanted PCT - Time Play
Normal Forward
1 - 30% - 30% - 16:16
2 - 29% - 30% - 15:36
3 - 24% - 25% - 12:43
4 - 17% - 15% - 9:05
Normal Defense
1 - 28% - 30% - 15:09
2 - 32% - 30% - 17:01
3 - 27% - 25% - 14:19
4 - 13% - 15% - 7:11
PP Forward
1 - 50% - 50% - 3:06
2 - 50% - 50% - 3:09
PP Defense
1 - 52% - 50% - 3:16
2 - 48% - 50% - 2:59
PK Forward
1 - 60% - 50% - 0:03
2 - 40% - 50% - 0:02
PK Defense
1 - 60% - 50% - 0:03
2 - 40% - 50% - 0:02
PK3 Forward
1 - 0% - 50%
2 - 0% - 50%
PK3 Defense
1 - 0% - 50%
2 - 0% - 50%
44 Forward
1 - 0% - 50%
2 - 0% - 50%
44 Defense
1 - 0% - 50%
2 - 0% - 50%
Last Minute Offensive - 0:00
Last Minute Defensive - 0:00
Total
Forward - 60:00
Defense - 60:00
|
Play-by-Play
1st period
0:01 of 1st period - Vincent Trocheck wins face-off versus Connor McDavid in neutral zone.
0:46 of 1st period - Snap shot by Eetu Luostarinen.
0:46 of 1st period - Stopped by Ukko-Pekka Luukkonen with a rebound.
0:52 of 1st period - Snap shot by Jason Zucker.
0:52 of 1st period - Stopped by Petr Mrazek with a rebound.
1:14 of 1st period - Wrist shot by Matthew Beniers.
1:14 of 1st period - Shot Blocked by Brayden Pachal.
1:16 of 1st period - Slapshot by Connor Clifton.
1:16 of 1st period - Stopped by Ukko-Pekka Luukkonen with a rebound.
1:18 of 1st period - Snap shot by Morgan Geekie.
1:18 of 1st period - Stopped by Ukko-Pekka Luukkonen without a rebound.
1:19 of 1st period - Vincent Trocheck wins face-off versus Connor Bedard in Winnipeg Jets zone.
1:49 of 1st period - Snap shot by Joel Farabee.
1:49 of 1st period - Stopped by Ukko-Pekka Luukkonen with a rebound.
1:55 of 1st period - Andrew Copp is hit by Vladislav Namestnikov and loses puck.
2:12 of 1st period - Snap shot by Morgan Geekie.
2:12 of 1st period - Shot Misses the Net.
2:30 of 1st period - Wrist shot by Angus Crookshank.
2:30 of 1st period - Deflect By Eetu Luostarinen.
2:30 of 1st period - Stopped by Ukko-Pekka Luukkonen with a rebound.
4:45 of 1st period - Wrist shot by Ryan Strome.
4:45 of 1st period - Stopped by Ukko-Pekka Luukkonen with a rebound.
5:03 of 1st period - Snap shot by Jason Zucker.
5:03 of 1st period - Stopped by Petr Mrazek with a rebound.
5:05 of 1st period - Slapshot by Brayden Pachal.
5:05 of 1st period - Shot Misses the Net.
5:15 of 1st period - Nate Schmidt is hit by Connor Clifton and loses puck.
5:58 of 1st period - Vladislav Namestnikov is hit by Ryan Strome and loses puck.
6:15 of 1st period - Anders Lee is hit by Barclay Goodrow and loses puck.
7:09 of 1st period - Slapshot by Mason Appleton.
7:09 of 1st period - Stopped by Petr Mrazek without a rebound.
7:10 of 1st period - Vincent Trocheck wins face-off versus Connor McDavid in Boston Bruins zone.
7:43 of 1st period - Alexis Lafreniere is hit by Yegor Zamula and loses puck.
7:48 of 1st period - Snap shot by Matthew Beniers.
7:48 of 1st period - Shot Misses the Net.
8:03 of 1st period - Michael Kesselring is hit by Joel Farabee and loses puck.
8:30 of 1st period - Vladislav Namestnikov is hit by Angus Crookshank and loses puck.
9:25 of 1st period - Joel Armia is hit by Connor Clifton and loses puck.
10:30 of 1st period - Connor Bedard is hit by Connor Clifton and loses puck.
10:37 of 1st period - Ty Emberson is hit by Connor Bedard and loses puck.
10:48 of 1st period - Jason Zucker is hit by Anders Lee and loses puck.
10:57 of 1st period - Snap shot by Anders Lee.
10:57 of 1st period - Shot Blocked by Haydn Fleury.
11:09 of 1st period - Ridly Greig is hit by Angus Crookshank and loses puck.
11:45 of 1st period - Olli Maatta is hit by Evander Kane and loses puck.
12:08 of 1st period - Backhand shot by Matthew Beniers.
12:08 of 1st period - Shot Misses the Net.
12:10 of 1st period - Slapshot by John Ludvig.
12:10 of 1st period - Stopped by Ukko-Pekka Luukkonen without a rebound.
12:11 of 1st period - Matthew Beniers wins face-off versus Ridly Greig in Winnipeg Jets zone.
12:24 of 1st period - Slapshot by Morgan Geekie.
12:24 of 1st period - Deflect By Ridly Greig.
12:24 of 1st period - Shot Blocked by Olli Maatta.
12:24 of 1st period - Puck is out of play.
12:25 of 1st period - Connor Bedard wins face-off versus Vincent Trocheck in Winnipeg Jets zone.
12:30 of 1st period - Snap shot by Joel Armia.
12:30 of 1st period - Stopped by Petr Mrazek without a rebound.
12:31 of 1st period - Vincent Trocheck wins face-off versus Connor Bedard in Boston Bruins zone.
12:48 of 1st period - Slapshot by Vincent Trocheck.
12:48 of 1st period - Stopped by Ukko-Pekka Luukkonen without a rebound.
12:49 of 1st period - Andrew Copp wins face-off versus Adam Lowry in Winnipeg Jets zone.
13:15 of 1st period - Joel Armia is hit by Vincent Trocheck and loses puck.
13:27 of 1st period - Backhand shot by Ryan Strome.
13:27 of 1st period - Shot Misses the Net.
13:29 of 1st period - Snap shot by Vincent Trocheck.
13:29 of 1st period - Deflect By Joel Armia.
13:29 of 1st period - Stopped by Ukko-Pekka Luukkonen with a rebound.
14:14 of 1st period - Snap shot by Mason Appleton.
14:14 of 1st period - Shot Misses the Net.
14:16 of 1st period - Slapshot by Joel Armia.
14:16 of 1st period - Shot Misses the Net.
14:18 of 1st period - Snap shot by Joel Armia.
14:18 of 1st period - Shot Blocked by Torey Krug.
14:20 of 1st period - Snap shot by Mason Appleton.
14:20 of 1st period - Shot Misses the Net.
14:22 of 1st period - Wrist shot by Joel Armia.
14:22 of 1st period - Shot Blocked by Torey Krug.
14:24 of 1st period - Wrist shot by Connor Bedard.
14:24 of 1st period - Stopped by Petr Mrazek with a rebound.
14:32 of 1st period - Slapshot by Connor Bedard.
14:32 of 1st period - Stopped by Petr Mrazek without a rebound.
14:33 of 1st period - Andrew Copp wins face-off versus Adam Lowry in Boston Bruins zone.
14:44 of 1st period - Michael Kesselring is hit by Joel Farabee and loses puck.
15:09 of 1st period - Snap shot by Anders Lee.
15:09 of 1st period - Deflect By Matthew Beniers.
15:09 of 1st period - Shot Misses the Net.
15:09 of 1st period - Puck is out of play.
15:10 of 1st period - Alexis Lafreniere wins face-off versus Vincent Trocheck in Winnipeg Jets zone.
15:10 of 1st period - Alexis Lafreniere is hit by Ryan Lindgren.
15:22 of 1st period - Slapshot by Alexis Lafreniere.
15:22 of 1st period - Shot Blocked by Torey Krug.
15:36 of 1st period - Andrew Copp is hit by Adam Lowry and loses puck.
15:59 of 1st period - Snap shot by Matthew Beniers.
15:59 of 1st period - Shot Blocked by Ridly Greig.
16:01 of 1st period - Slapshot by Matthew Beniers.
16:01 of 1st period - Stopped by Ukko-Pekka Luukkonen with a rebound.
16:03 of 1st period - Wrist shot by Morgan Geekie.
16:03 of 1st period - Stopped by Ukko-Pekka Luukkonen with a rebound.
16:05 of 1st period - Slapshot by Matthew Beniers.
16:05 of 1st period - Shot Blocked by Taylor Hall.
16:07 of 1st period - Wrist shot by Torey Krug.
16:07 of 1st period - Stopped by Ukko-Pekka Luukkonen without a rebound.
16:08 of 1st period - Adam Lowry wins face-off versus Vincent Trocheck in Winnipeg Jets zone.
16:25 of 1st period - Wrist shot by Vincent Trocheck.
16:25 of 1st period - Shot Misses the Net.
16:42 of 1st period - Slapshot by Connor McDavid.
16:42 of 1st period - Stopped by Petr Mrazek with a rebound.
17:00 of 1st period - Wrist shot by Andrew Copp.
17:00 of 1st period - Shot Blocked by Mason Appleton.
17:08 of 1st period - Connor Bedard is hit by Ryan Lindgren and loses puck.
17:23 of 1st period - Backhand shot by Barclay Goodrow.
17:23 of 1st period - Stopped by Petr Mrazek without a rebound.
17:24 of 1st period - Vincent Trocheck wins face-off versus Adam Lowry in Boston Bruins zone.
17:55 of 1st period - Snap shot by Morgan Geekie.
17:55 of 1st period - Deflect By Matthew Beniers.
17:55 of 1st period - Stopped by Ukko-Pekka Luukkonen with a rebound.
18:11 of 1st period - John Ludvig is hit by Mason Appleton and loses puck.
18:34 of 1st period - Slapshot by Andrew Copp.
18:34 of 1st period - Goal by Andrew Copp - Winnipeg Jets : 0 - Boston Bruins : 1.
18:35 of 1st period - Connor McDavid wins face-off versus Vincent Trocheck in neutral zone.
18:50 of 1st period - Olli Maatta is hit by Torey Krug and loses puck.
19:20 of 1st period - Barclay Goodrow is hit by Connor Clifton and loses puck.
19:31 of 1st period - Wrist shot by Eetu Luostarinen.
19:31 of 1st period - Stopped by Ukko-Pekka Luukkonen without a rebound.
19:32 of 1st period - Vincent Trocheck wins face-off versus Connor McDavid in Winnipeg Jets zone.
19:43 of 1st period - Wrist shot by Ryan Strome.
19:43 of 1st period - Shot Misses the Net.
19:45 of 1st period - Snap shot by Connor Clifton.
19:45 of 1st period - Stopped by Ukko-Pekka Luukkonen with a rebound.
Goals for this period are 0 for Winnipeg Jets vs 1 for Boston Bruins.
Shots for this period are 8 for Winnipeg Jets vs 16 for Boston Bruins.
2nd period
0:01 of 2nd period - Connor Bedard wins face-off versus Matthew Beniers in neutral zone.
0:33 of 2nd period - Vladislav Namestnikov is hit by Evander Kane and loses puck.
0:58 of 2nd period - Wrist shot by Adam Lowry.
0:58 of 2nd period - Stopped by Petr Mrazek with a rebound.
1:38 of 2nd period - Slapshot by Joel Armia.
1:38 of 2nd period - Shot Misses the Net.
2:35 of 2nd period - Snap shot by Andre Burakovsky.
2:35 of 2nd period - Stopped by Petr Mrazek without a rebound.
2:36 of 2nd period - Matthew Beniers wins face-off versus Ridly Greig in Boston Bruins zone.
2:43 of 2nd period - Snap shot by Anders Lee.
2:43 of 2nd period - Stopped by Ukko-Pekka Luukkonen without a rebound.
2:44 of 2nd period - Andrew Copp wins face-off versus Connor Bedard in Winnipeg Jets zone.
3:08 of 2nd period - Off-side.
3:09 of 2nd period - Connor McDavid wins face-off versus Matthew Beniers in neutral zone.
3:36 of 2nd period - Torey Krug is hit by Mason Appleton and loses puck.
3:50 of 2nd period - Icing by Ryan Strome.
3:51 of 2nd period - Adam Lowry wins face-off versus Vincent Trocheck in Boston Bruins zone.
3:52 of 2nd period - Wrist shot by Jason Zucker.
3:52 of 2nd period - Deflect By Vincent Trocheck.
3:52 of 2nd period - Stopped by Petr Mrazek with a rebound.
4:14 of 2nd period - Snap shot by Vincent Trocheck.
4:14 of 2nd period - Goal by Vincent Trocheck - Winnipeg Jets : 0 - Boston Bruins : 2.
4:15 of 2nd period - Andrew Copp wins face-off versus Joel Armia in neutral zone.
4:21 of 2nd period - Minor Penalty to Joel Armia for Tripping.
4:22 of 2nd period - Vincent Trocheck wins face-off versus Vladislav Namestnikov in Winnipeg Jets zone.
6:14 of 2nd period - Icing by Joel Farabee.
6:15 of 2nd period - Andrew Copp wins face-off versus Alexis Lafreniere in Boston Bruins zone.
6:21 of 2nd period - Penalty to Joel Armia is over, Joel Armia is back on ice.
6:34 of 2nd period - Slapshot by Morgan Geekie.
6:34 of 2nd period - Shot Misses the Net.
6:36 of 2nd period - Snap shot by Anders Lee.
6:36 of 2nd period - Stopped by Ukko-Pekka Luukkonen with a rebound.
6:38 of 2nd period - Slapshot by John Ludvig.
6:38 of 2nd period - Stopped by Ukko-Pekka Luukkonen without a rebound.
6:39 of 2nd period - Eetu Luostarinen wins face-off versus Ridly Greig in Winnipeg Jets zone.
7:34 of 2nd period - Snap shot by Eetu Luostarinen.
7:34 of 2nd period - Stopped by Ukko-Pekka Luukkonen without a rebound.
7:35 of 2nd period - Connor McDavid wins face-off versus Andrew Copp in Winnipeg Jets zone.
7:48 of 2nd period - Snap shot by Connor McDavid.
7:48 of 2nd period - Stopped by Petr Mrazek with a rebound.
8:00 of 2nd period - Jason Zucker is hit by Ryan Strome and loses puck.
9:23 of 2nd period - Mason Appleton is hit by Eetu Luostarinen and loses puck.
9:38 of 2nd period - Mason Appleton is hit by Angus Crookshank and loses puck.
9:55 of 2nd period - Wrist shot by Morgan Geekie.
9:55 of 2nd period - Stopped by Ukko-Pekka Luukkonen without a rebound.
9:56 of 2nd period - Adam Lowry wins face-off versus Andrew Copp in Winnipeg Jets zone.
9:56 of 2nd period - Adam Lowry is hit by Joel Farabee.
10:03 of 2nd period - Icing by Ryan Lindgren.
10:04 of 2nd period - Andrew Copp wins face-off versus Connor McDavid in Boston Bruins zone.
10:04 of 2nd period - Andrew Copp is hit by Oliver Ekman-Larsson.
10:26 of 2nd period - Torey Krug is hit by Vladislav Namestnikov and loses puck.
10:30 of 2nd period - Icing by Torey Krug.
10:31 of 2nd period - Adam Lowry wins face-off versus Andrew Copp in Boston Bruins zone.
10:50 of 2nd period - Slapshot by Andrew Copp.
10:50 of 2nd period - Goal by Andrew Copp - Winnipeg Jets : 0 - Boston Bruins : 3.
10:51 of 2nd period - Connor McDavid wins face-off versus Vincent Trocheck in neutral zone.
10:59 of 2nd period - Torey Krug is hit by Nate Schmidt and loses puck.
11:18 of 2nd period - Vladislav Namestnikov is hit by Joel Farabee and loses puck.
11:37 of 2nd period - Minor Penalty to Oliver Ekman-Larsson for Hooking.
11:38 of 2nd period - Alexis Lafreniere wins face-off versus Andrew Copp in Winnipeg Jets zone.
12:12 of 2nd period - Michael Kesselring is hit by Vincent Trocheck.
13:37 of 2nd period - Penalty to Oliver Ekman-Larsson is over, Oliver Ekman-Larsson is back on ice.
13:54 of 2nd period - Andre Burakovsky is hit by Connor Clifton and loses puck.
14:23 of 2nd period - Olli Maatta is hit by Matthew Beniers and loses puck.
14:46 of 2nd period - Torey Krug is hit by Oliver Ekman-Larsson and loses puck.
14:57 of 2nd period - Haydn Fleury is hit by Anders Lee and loses puck.
15:14 of 2nd period - Evander Kane is hit by Nate Schmidt and loses puck.
15:27 of 2nd period - Oliver Ekman-Larsson is hit by John Ludvig and loses puck.
16:25 of 2nd period - Torey Krug is hit by Brayden Pachal and loses puck.
16:40 of 2nd period - Andrew Copp is hit by Haydn Fleury and loses puck.
17:22 of 2nd period - Slapshot by Oliver Ekman-Larsson.
17:22 of 2nd period - Shot Misses the Net.
17:24 of 2nd period - Slapshot by Brayden Pachal.
17:24 of 2nd period - Deflect By Taylor Hall.
17:24 of 2nd period - Shot Blocked by Andrew Copp.
17:24 of 2nd period - Puck is out of play.
17:25 of 2nd period - Taylor Hall wins face-off versus Vincent Trocheck in Boston Bruins zone.
17:30 of 2nd period - Snap shot by Ridly Greig.
17:30 of 2nd period - Shot Blocked by John Ludvig.
17:36 of 2nd period - Snap shot by Alex Newhook.
17:36 of 2nd period - Shot Misses the Net.
18:00 of 2nd period - Slapshot by Evander Kane.
18:00 of 2nd period - Shot Misses the Net.
18:02 of 2nd period - Snap shot by Yegor Zamula.
18:02 of 2nd period - Shot Blocked by Michael Kesselring.
18:18 of 2nd period - Wrist shot by Eetu Luostarinen.
18:18 of 2nd period - Shot Misses the Net.
18:20 of 2nd period - Slapshot by John-Jason Peterka.
18:20 of 2nd period - Shot Misses the Net.
18:22 of 2nd period - Snap shot by Eetu Luostarinen.
18:22 of 2nd period - Shot Misses the Net.
18:24 of 2nd period - Snap shot by Angus Crookshank.
18:24 of 2nd period - Stopped by Ukko-Pekka Luukkonen with a rebound.
18:55 of 2nd period - Snap shot by Connor McDavid.
18:55 of 2nd period - Stopped by Petr Mrazek without a rebound.
18:56 of 2nd period - Connor McDavid wins face-off versus Vincent Trocheck in Boston Bruins zone.
19:11 of 2nd period - Snap shot by Vincent Trocheck.
19:11 of 2nd period - Stopped by Ukko-Pekka Luukkonen with a rebound.
19:13 of 2nd period - Slapshot by Torey Krug.
19:13 of 2nd period - Shot Misses the Net.
19:17 of 2nd period - Snap shot by Vincent Trocheck.
19:17 of 2nd period - Shot Misses the Net.
19:19 of 2nd period - Wrist shot by Ryan Strome.
19:19 of 2nd period - Stopped by Ukko-Pekka Luukkonen without a rebound.
19:20 of 2nd period - Connor Bedard wins face-off versus Andrew Copp in Winnipeg Jets zone.
19:33 of 2nd period - Slapshot by Evander Kane.
19:33 of 2nd period - Shot Misses the Net.
19:45 of 2nd period - Anders Lee is hit by Connor McDavid and loses puck.
Goals for this period are 0 for Winnipeg Jets vs 2 for Boston Bruins.
Shots for this period are 5 for Winnipeg Jets vs 10 for Boston Bruins.
3rd period
0:01 of 3rd period - Vincent Trocheck wins face-off versus Adam Lowry in neutral zone.
0:26 of 3rd period - Mason Appleton is hit by Joel Farabee and loses puck.
0:45 of 3rd period - Wrist shot by Matthew Beniers.
0:45 of 3rd period - Stopped by Ukko-Pekka Luukkonen with a rebound.
0:47 of 3rd period - Snap shot by Torey Krug.
0:47 of 3rd period - Stopped by Ukko-Pekka Luukkonen without a rebound.
0:48 of 3rd period - Matthew Beniers wins face-off versus Connor McDavid in Winnipeg Jets zone.
0:51 of 3rd period - Snap shot by Anders Lee.
0:51 of 3rd period - Shot Misses the Net.
0:53 of 3rd period - Snap shot by Morgan Geekie.
0:53 of 3rd period - Shot Blocked by Michael Kesselring.
0:55 of 3rd period - Snap shot by Anders Lee.
0:55 of 3rd period - Deflect By Matthew Beniers.
0:55 of 3rd period - Shot Misses the Net.
0:55 of 3rd period - Puck is out of play.
0:56 of 3rd period - Ryan Strome wins face-off versus Adam Lowry in Winnipeg Jets zone.
1:03 of 3rd period - Slapshot by Vincent Trocheck.
1:03 of 3rd period - Shot Blocked by Barclay Goodrow.
1:05 of 3rd period - Snap shot by Vincent Trocheck.
1:05 of 3rd period - Shot Misses the Net.
1:07 of 3rd period - Slapshot by John Ludvig.
1:07 of 3rd period - Stopped by Ukko-Pekka Luukkonen with a rebound.
1:09 of 3rd period - Wrist shot by Ryan Strome.
1:09 of 3rd period - Shot Misses the Net.
1:11 of 3rd period - Wrist shot by Alex Newhook.
1:11 of 3rd period - Stopped by Ukko-Pekka Luukkonen without a rebound.
1:12 of 3rd period - Andrew Copp wins face-off versus Connor Bedard in Winnipeg Jets zone.
1:13 of 3rd period - Snap shot by Joel Farabee.
1:13 of 3rd period - Stopped by Ukko-Pekka Luukkonen with a rebound.
1:31 of 3rd period - Nate Schmidt is hit by Evander Kane and loses puck.
1:41 of 3rd period - Icing by Mason Appleton.
1:42 of 3rd period - Jason Zucker wins face-off versus Vincent Trocheck in Winnipeg Jets zone.
1:42 of 3rd period - Jason Zucker is hit by Vincent Trocheck.
2:04 of 3rd period - Minor Penalty to Jason Zucker for Interference.
2:05 of 3rd period - Adam Lowry wins face-off versus Vincent Trocheck in Winnipeg Jets zone.
4:04 of 3rd period - Penalty to Jason Zucker is over, Jason Zucker is back on ice.
4:14 of 3rd period - Slapshot by John-Jason Peterka.
4:14 of 3rd period - Shot Misses the Net.
4:16 of 3rd period - Slapshot by Yegor Zamula.
4:16 of 3rd period - Stopped by Ukko-Pekka Luukkonen with a rebound.
4:18 of 3rd period - Wrist shot by Yegor Zamula.
4:18 of 3rd period - Stopped by Ukko-Pekka Luukkonen with a rebound.
4:20 of 3rd period - Snap shot by Eetu Luostarinen.
4:20 of 3rd period - Stopped by Ukko-Pekka Luukkonen with a rebound.
4:57 of 3rd period - Barclay Goodrow is hit by Yegor Zamula and loses puck.
6:44 of 3rd period - Joel Farabee is hit by Barclay Goodrow and loses puck.
7:13 of 3rd period - Connor McDavid is hit by Matthew Beniers.
7:38 of 3rd period - Evander Kane is hit by Jason Zucker and loses puck.
7:49 of 3rd period - Ryan Lindgren is hit by Oliver Ekman-Larsson and loses puck.
7:54 of 3rd period - Snap shot by Andre Burakovsky.
7:54 of 3rd period - Stopped by Petr Mrazek with a rebound.
8:00 of 3rd period - Torey Krug is hit by Taylor Hall and loses puck.
8:36 of 3rd period - Slapshot by Vincent Trocheck.
8:36 of 3rd period - Shot Misses the Net.
9:06 of 3rd period - Wrist shot by Adam Lowry.
9:06 of 3rd period - Deflect By Jason Zucker.
9:06 of 3rd period - Shot Blocked by Ty Emberson.
9:06 of 3rd period - Puck is out of play.
9:07 of 3rd period - Vincent Trocheck wins face-off versus Connor McDavid in Boston Bruins zone.
9:07 of 3rd period - Vincent Trocheck is hit by Connor McDavid.
9:10 of 3rd period - Minor Penalty to John Ludvig for Tripping.
9:11 of 3rd period - Adam Lowry wins face-off versus Vincent Trocheck in Boston Bruins zone.
9:11 of 3rd period - Snap shot by Alexis Lafreniere.
9:11 of 3rd period - Stopped by Petr Mrazek with a rebound.
9:13 of 3rd period - Backhand shot by Alexis Lafreniere.
9:13 of 3rd period - Goal by Alexis Lafreniere - Winnipeg Jets : 1 - Boston Bruins : 3.
9:14 of 3rd period - Vincent Trocheck wins face-off versus Connor Bedard in neutral zone.
9:23 of 3rd period - Snap shot by Alex Newhook.
9:23 of 3rd period - Stopped by Ukko-Pekka Luukkonen without a rebound.
9:24 of 3rd period - Vincent Trocheck wins face-off versus Connor Bedard in Winnipeg Jets zone.
10:26 of 3rd period - Wrist shot by Connor Bedard.
10:26 of 3rd period - Shot Misses the Net.
10:28 of 3rd period - Snap shot by Joel Armia.
10:28 of 3rd period - Shot Misses the Net.
10:30 of 3rd period - Slapshot by Nate Schmidt.
10:30 of 3rd period - Shot Misses the Net.
10:32 of 3rd period - Wrist shot by Oliver Ekman-Larsson.
10:32 of 3rd period - Stopped by Petr Mrazek without a rebound.
10:33 of 3rd period - Andrew Copp wins face-off versus Connor McDavid in Boston Bruins zone.
11:04 of 3rd period - Yegor Zamula is hit by Michael Kesselring and loses puck.
11:13 of 3rd period - Minor Penalty to Barclay Goodrow for High sticking.
11:14 of 3rd period - Andrew Copp wins face-off versus Alexis Lafreniere in Winnipeg Jets zone.
11:15 of 3rd period - Snap shot by Joel Farabee.
11:15 of 3rd period - Shot Misses the Net.
11:17 of 3rd period - Slapshot by Ty Emberson.
11:17 of 3rd period - Shot Misses the Net.
11:19 of 3rd period - Snap shot by Joel Farabee.
11:19 of 3rd period - Shot Misses the Net.
11:21 of 3rd period - Snap shot by Connor Clifton.
11:21 of 3rd period - Stopped by Ukko-Pekka Luukkonen with a rebound.
11:23 of 3rd period - Slapshot by Connor Clifton.
11:23 of 3rd period - Stopped by Ukko-Pekka Luukkonen without a rebound.
11:24 of 3rd period - Andrew Copp wins face-off versus Alexis Lafreniere in Winnipeg Jets zone.
11:29 of 3rd period - Snap shot by Joel Farabee.
11:29 of 3rd period - Shot Misses the Net.
11:31 of 3rd period - Snap shot by Joel Farabee.
11:31 of 3rd period - Goal by Joel Farabee - Winnipeg Jets : 1 - Boston Bruins : 4.
11:32 of 3rd period - Andrew Copp wins face-off versus Connor McDavid in neutral zone.
12:22 of 3rd period - Connor Bedard is hit by Ryan Strome and loses puck.
12:57 of 3rd period - Vladislav Namestnikov is hit by John Ludvig and loses puck.
13:02 of 3rd period - Wrist shot by Joel Farabee.
13:02 of 3rd period - Shot Blocked by Connor McDavid.
13:04 of 3rd period - Snap shot by Evander Kane.
13:04 of 3rd period - Stopped by Ukko-Pekka Luukkonen with a rebound.
13:26 of 3rd period - Snap shot by Matthew Beniers.
13:26 of 3rd period - Stopped by Ukko-Pekka Luukkonen without a rebound.
13:27 of 3rd period - Andrew Copp wins face-off versus Connor Bedard in Winnipeg Jets zone.
13:28 of 3rd period - Wrist shot by Joel Farabee.
13:28 of 3rd period - Shot Misses the Net.
13:30 of 3rd period - Snap shot by Andrew Copp.
13:30 of 3rd period - Stopped by Ukko-Pekka Luukkonen without a rebound.
13:31 of 3rd period - Andrew Copp wins face-off versus Connor Bedard in Winnipeg Jets zone.
13:42 of 3rd period - Wrist shot by Joel Farabee.
13:42 of 3rd period - Stopped by Ukko-Pekka Luukkonen with a rebound.
13:46 of 3rd period - Slapshot by Evander Kane.
13:46 of 3rd period - Stopped by Ukko-Pekka Luukkonen without a rebound.
13:47 of 3rd period - Connor McDavid wins face-off versus Matthew Beniers in Winnipeg Jets zone.
13:56 of 3rd period - Slapshot by Vladislav Namestnikov.
13:56 of 3rd period - Stopped by Petr Mrazek with a rebound.
14:21 of 3rd period - Oliver Ekman-Larsson is hit by Joel Farabee and loses puck.
14:34 of 3rd period - Slapshot by Andre Burakovsky.
14:34 of 3rd period - Stopped by Petr Mrazek with a rebound.
14:44 of 3rd period - Wrist shot by Alex Newhook.
14:44 of 3rd period - Stopped by Ukko-Pekka Luukkonen without a rebound.
14:45 of 3rd period - Connor McDavid wins face-off versus Morgan Geekie in Winnipeg Jets zone.
15:29 of 3rd period - Wrist shot by Joel Farabee.
15:29 of 3rd period - Stopped by Ukko-Pekka Luukkonen with a rebound.
15:31 of 3rd period - Slapshot by Ryan Lindgren.
15:31 of 3rd period - Stopped by Ukko-Pekka Luukkonen without a rebound.
15:32 of 3rd period - Adam Lowry wins face-off versus Vincent Trocheck in Winnipeg Jets zone.
15:32 of 3rd period - Adam Lowry is hit by Connor Clifton.
16:05 of 3rd period - Jason Zucker is hit by Vincent Trocheck and loses puck.
16:14 of 3rd period - Snap shot by Alex Newhook.
16:14 of 3rd period - Shot Misses the Net.
16:34 of 3rd period - Slapshot by Adam Lowry.
16:34 of 3rd period - Stopped by Petr Mrazek with a rebound.
16:42 of 3rd period - Adam Lowry is hit by Ty Emberson and loses puck.
16:51 of 3rd period - Slapshot by Adam Lowry.
16:51 of 3rd period - Shot Blocked by Ty Emberson.
16:59 of 3rd period - Slapshot by Vincent Trocheck.
16:59 of 3rd period - Shot Misses the Net.
17:01 of 3rd period - Snap shot by Vincent Trocheck.
17:01 of 3rd period - Shot Misses the Net.
17:03 of 3rd period - Wrist shot by Ryan Strome.
17:03 of 3rd period - Shot Blocked by Haydn Fleury.
17:05 of 3rd period - Snap shot by Alex Newhook.
17:05 of 3rd period - Goal by Alex Newhook - Winnipeg Jets : 1 - Boston Bruins : 5.
17:06 of 3rd period - Andrew Copp wins face-off versus Connor McDavid in neutral zone.
17:17 of 3rd period - Wrist shot by Evander Kane.
17:17 of 3rd period - Stopped by Ukko-Pekka Luukkonen without a rebound.
17:18 of 3rd period - Connor McDavid wins face-off versus Andrew Copp in Winnipeg Jets zone.
17:29 of 3rd period - Snap shot by Alexis Lafreniere.
17:29 of 3rd period - Shot Misses the Net.
17:43 of 3rd period - Mason Appleton is hit by Morgan Geekie and loses puck.
17:50 of 3rd period - Slapshot by Morgan Geekie.
17:50 of 3rd period - Deflect By Connor Bedard.
17:50 of 3rd period - Shot Misses the Net.
17:50 of 3rd period - Puck is out of play.
17:51 of 3rd period - Connor McDavid wins face-off versus Matthew Beniers in Winnipeg Jets zone.
17:56 of 3rd period - Slapshot by Nate Schmidt.
17:56 of 3rd period - Stopped by Petr Mrazek without a rebound.
17:57 of 3rd period - Matthew Beniers wins face-off versus Connor McDavid in Boston Bruins zone.
18:05 of 3rd period - Backhand shot by Alexis Lafreniere.
18:05 of 3rd period - Shot Blocked by Morgan Geekie.
18:09 of 3rd period - Slapshot by Alexis Lafreniere.
18:09 of 3rd period - Shot Misses the Net.
18:11 of 3rd period - Snap shot by Connor McDavid.
18:11 of 3rd period - Shot Misses the Net.
18:13 of 3rd period - Snap shot by Vladislav Namestnikov.
18:13 of 3rd period - Stopped by Petr Mrazek with a rebound.
18:33 of 3rd period - Joel Farabee is hit by Nate Schmidt and loses puck.
18:48 of 3rd period - Wrist shot by Andre Burakovsky.
18:48 of 3rd period - Shot Misses the Net.
18:50 of 3rd period - Wrist shot by Taylor Hall.
18:50 of 3rd period - Shot Misses the Net.
18:52 of 3rd period - Slapshot by Brayden Pachal.
18:52 of 3rd period - Deflect By Taylor Hall.
18:52 of 3rd period - Stopped by Petr Mrazek without a rebound.
18:53 of 3rd period - Matthew Beniers wins face-off versus Connor McDavid in Boston Bruins zone.
19:18 of 3rd period - Evander Kane is hit by Joel Armia and loses puck.
19:31 of 3rd period - Snap shot by Mason Appleton.
19:31 of 3rd period - Stopped by Petr Mrazek with a rebound.
19:57 of 3rd period - Minor Penalty to John Ludvig for Cross-checking.
19:58 of 3rd period - Joel Armia wins face-off versus Ryan Strome in Boston Bruins zone.
Goals for this period are 1 for Winnipeg Jets vs 2 for Boston Bruins.
Shots for this period are 11 for Winnipeg Jets vs 22 for Boston Bruins.
Back to the Top